 Dungeon Crawl Stone Soup version 0.30-a0-879-ga8ba668304 (webtiles) character file.

Game seed: 11838143510683861862

175 jimonade the Magician (level 5, -3/38 HPs)
             Began as a Djinni Warper on Mar 14, 2023.
             Slain by a water moccasin (4 damage)
             ... on level 5 of the Dungeon.
             The game lasted 00:25:02 (4781 turns).

jimonade the Magician (Djinni Warper)               Turns: 4781, Time: 00:25:03

Health: -3/38      AC:  6    Str: 12    XL:     5   Next: 85%
Gold:   138        EV: 10    Int: 14    God:
                   SH:  0    Dex: 13

rFire   + + +      SeeInvis .    a - +2 war axe (freeze)
rCold   x . .      Faith    .    (no shield)
rNeg    + . .      Spirit   .    q - +0 ring mail
rPois   ∞          Reflect  .    u - +0 helmet
rElec   .          Rampage  .    (no cloak)
rCorr   .                        (no gloves)
Will    .....                    (boots unavailable)
Stlth   +                        (no amulet)
HPRegen 0.26/turn                x - ring of positive energy
MPRegen 0.00/turn                A - ring of protection from fire

@: flying
A: sickness immunity, fire resistance 2, cold vulnerability 1, float, innate
caster, HP casting, extra vitality 1
a: no special abilities


You were on level 5 of the Dungeon.
You visited 1 branch of the dungeon, and saw 5 of its levels.

You collected 138 gold pieces.

Inventory:

Hand Weapons
 a - a +2 war axe of freezing (weapon)
 g - a +0 short sword
 s - a +0 trident
 v - a +0 spear
Missiles
 d - 7 boomerangs of dispersal
 i - 3 boomerangs
 w - 3 poisoned darts
Armour
 b - a +0 leather armour
 n - a +0 chain mail
 q - a +0 ring mail (worn)
 u - a +0 helmet (worn)
 y - a +0 buckler
Jewellery
 x - a ring of positive energy (left hand)
 A - a ring of protection from fire (right hand)
Scrolls
 h - 3 scrolls of teleportation
 j - a scroll of identify {unknown}
 l - a scroll of poison {unknown}
 m - a scroll of blinking
 r - a scroll of fog {unknown}
 t - a scroll of amnesia {unknown}
Potions
 c - a potion of resistance {unknown}
 e - 2 potions of curing {unknown}
 f - 2 potions of lignification {unknown}
 k - 3 potions of degeneration {unknown}
 o - a potion of invisibility {unknown}
 p - a potion of cancellation {unknown}
 z - a potion of brilliance {unknown}


   Skills:
 - Level 2.0 Fighting
 - Level 1.5 Polearms
 - Level 0.7 Throwing
 - Level 1.0 Armour
 - Level 2.1 Dodging
 + Level 4.7 Spellcasting


You knew the following spells:

 Your Spells              Type           Power      Damage    Failure   Level
a - Blink                 Tloc           32%        N/A       9%          2
b - Lesser Beckoning      Tloc           32%        N/A       9%          2
c - Vhi's Electric Charg  Tloc/Air       32%        N/A       19%         3
d - Teleport Other        Tloc           16%        N/A       19%         3
e - Manifold Assault      Tloc           16%        N/A       52%         4
f - Magic Dart            Conj           64%        1d6       6%          1
g - Searing Ray           Conj           32%        2d5       9%          2
Your spell library was empty.

Dungeon Overview and Level Annotations

Branches:
Dungeon (5/15)
 Temple: D:4-7

Altars:
Cheibriados
Hepliaklqana
Uskayaw

Shops:
D:1 (

Annotations:
D:3 Sigmund


Innate Abilities, Weirdness & Mutations

You are immune to sickness and miasma.
You are immune to poison.
Your flesh is very heat resistant. (rF++)
You are vulnerable to cold. (rC-)
You float through the air rather than walking.
You learn spells naturally, not from books.
Your magical power is your life essence.
You have superior vitality. (+4 MHP)


Message History

The water moccasin is moderately wounded.
The water moccasin bites you. The water moccasin closely misses you.
The water moccasin bites you but does no damage.
You closely miss the water moccasin.
The water moccasin is moderately wounded.
The water moccasin barely misses you. The water moccasin closely misses you.
You closely miss the water moccasin.
The water moccasin is moderately wounded.
The water moccasin closely misses you. The water moccasin bites you.
You slash the water moccasin! You freeze the water moccasin.
The water moccasin is severely wounded.
The water moccasin barely misses you. The water moccasin bites you.
You closely miss the water moccasin.
The water moccasin is severely wounded.
The water moccasin bites you. The water moccasin misses you.
You barely miss the water moccasin.
The water moccasin is severely wounded.
The water moccasin bites you. The water moccasin closely misses you.
You barely miss the water moccasin.
The water moccasin is severely wounded.
The water moccasin bites you. The water moccasin bites you!
* * * LOW HITPOINT WARNING * * *
You closely miss the water moccasin.
The water moccasin is severely wounded.
The water moccasin closely misses you. The water moccasin bites you.
* * * LOW HITPOINT WARNING * * *
You barely miss the water moccasin.
The water moccasin is severely wounded.
The water moccasin misses you. The water moccasin closely misses you.
You barely miss the water moccasin.
The water moccasin is severely wounded.
The water moccasin bites you.
* * * LOW HITPOINT WARNING * * *
The water moccasin bites you but does no damage.
You closely miss the water moccasin.
The water moccasin is severely wounded.
The water moccasin bites you.
* * * LOW HITPOINT WARNING * * *
The water moccasin bites you.
You die...

#.....
#....## ..
#...... #.
###.....#
..##.
#...).#.#
.... #.#..
..+...#
#..S###.#...#
#..@........#
#...###)###.#
#...#.....#
#####.#.#.#
#.#.#+###.#
#.#.....#.#
#.#.......#
####.#.......
#....#......


You could see a water moccasin.

Vanquished Creatures
  2 hounds (D:4)
  4 adders
  2 ufetubi
  A worm (D:4)
  A dart slug (D:3)
  4 orcs
  3 bats
  7 endoplasms
  3 giant cockroaches
  10 goblins
  6 hobgoblins
  2 jackals (D:5)
  3 kobolds
  2 quokkas (D:1)
  4 ball pythons
  5 rats
59 creatures vanquished.

Vanquished Creatures (others)
  3 plants (D:3)
3 creatures vanquished.

Grand Total: 62 creatures vanquished

Notes
Turn   | Place    | Note
-------+----------+-------------------------------------------
     0 | D:1      | jimonade the Djinni Warper began the quest for the Orb.
     0 | D:1      | jimonade set off with the following spells memorised:
                  | Blink, Lesser Beckoning, Vhi's Electric Charge, Teleport
                  | Other, Manifold Assault.
     0 | D:1      | Reached XP level 1. HP: 18/18 MP: 0/0
   324 | D:1      | Reached XP level 2. HP: 14/23 MP: 0/0
   477 | D:1      | Reached skill level 3 in Spellcasting
   568 | D:1      | Found Jita's Antique Weapon Emporium.
   623 | D:1      | Reached XP level 3. HP: 28/28 MP: 0/0
   623 | D:1      | Learned a level 1 spell: Magic Dart
  2286 | D:3      | Found a snail-covered altar of Cheibriados.
  2316 | D:3      | Reached XP level 4. HP: 23/33 MP: 0/0
  2368 | D:3      | Noticed Sigmund
  2397 | D:3      | HP: 1/33 [Sigmund/magic dart (3)]
  2629 | D:3      | Noticed a scorpion
  2979 | D:3      | Found a faded altar of an unknown god.
  3350 | D:4      | Reached skill level 4 in Spellcasting
  3706 | D:4      | Found a hazy altar of Hepliaklqana.
  3846 | D:4      | Reached XP level 5. HP: 26/38 MP: 0/0
  3846 | D:4      | Learned a level 2 spell: Searing Ray
  4669 | D:5      | Entered Level 5 of the Dungeon
  4710 | D:5      | Noticed a +0 dagger
  4710 | D:5      | Noticed a +0 dagger
  4714 | D:5      | Found a hide-covered altar of Uskayaw.
  4766 | D:5      | Noticed a water moccasin
  4781 | D:5      | HP: 1/38 [water moccasin (2)]
  4781 | D:5      | Slain by a water moccasin

Illustrated notes

Levels and vault maps discovered:
D:1:      dpeg_arrival_water_fire, layout_loops_ring, serial_shops, shop,
          minmay_misc_feat_room
D:2:      layout_basic
D:3:      cheibrodos_old_hovel, layout_basic, nicolae_yredelemnul_corpse_copse,
          hangedman_ru_absence, lemuel_crystal_altar,
          shapermc_ecumenical_altar_petra, uniq_crazy_yiuf_cottage,
          uniq_sigmund, uniq_ijyb
D:4:      layout_gridville, worldfamousw_hep_ancestral_shrine,
          minmay_misc_feat_diagonals
D:5:      layout_basic, dancing_weapons_uskayaw, minmay_temple_entry_offerings

Skill      XL: |  1  2  3  4 |
---------------+-------------+-----
Spellcasting   | 3 4 |  4.7
Fighting       | |  2.0
Polearms       | |  1.5
Throwing       | |  0.7
Armour         | |  1.0
Dodging        | |  2.1

Action                     |  1- 3 |  4- 6 || total
---------------------------+-------+-------++-------
  Melee: Spear             |    80 |    61 ||   141
         Punch             |     1 |       ||     1
         War axe           |       |    17 ||    17
  Throw: Stone             |     1 |       ||     1
   Cast: Magic Dart        |    32 |    34 ||    66
         Blink             |       |     6 ||     6
         Searing Ray       |       |    10 ||    10
    Use: Scroll            |       |     3 ||     3
 Armour: Leather armour    |    20 |       ||    20
         Ring mail         |     2 |    39 ||    41
         Chain mail        |       |     1 ||     1
  Dodge: Dodged            |    43 |    78 ||   121

Table legend: (Time is in decaauts)
 A = Elapsed time spent in this place.
 B = Non-inter-level travel time spent in this place.
 C = Inter-level travel time spent in this place.
 D = Time resting spent in this place.
 E = Time spent auto-exploring this place.
 F = Levels seen in this place.
 G = Mean time per level.
                   A        B        C        D        E       F      G
               +--------+--------+--------+--------+--------+-----+--------+
         Total |   4792 |   4461 |    331 |    798 |   2078 |   5 |  958.4 |
       Dungeon |   4792 |   4461 |    331 |    798 |   2078 |   5 |  958.4 |
               +--------+--------+--------+--------+--------+-----+--------+

Top non-repeatable levels by time:
     D:4: 1571 daAuts
     D:2: 1485 daAuts
     D:1: 1166 daAuts
     D:3: 450 daAuts
     D:5: 118 daAuts
